 Dungeon Crawl Stone Soup version 0.30-a0-1075-gcd70e7a56d (webtiles) character file.

Game seed: 8956220224492317986

25935 Zeldest the Devastator (level 13, -1/94 HPs)
             Began as a Human Artificer on Apr 14, 2023.
             Slain by a komodo dragon (17 damage)
             ... on level 4 of the Lair of Beasts.
             The game lasted 00:55:29 (20697 turns).

Zeldest the Devastator (Human Artificer)           Turns: 20697, Time: 00:55:29

Health: -1/94      AC:  6    Str: 12    XL:     13   Next: 54%
Magic:  18/31      EV: 12    Int: 17    God:
Gold:   1840       SH:  0    Dex: 14    Spells: 5/25 levels left

rFire   . . .      SeeInvis .    a - staff of conjuration
rCold   . . .      Faith    .    (no shield)
rNeg    . . .      Spirit   .    w - +1 robe {Will+}
rPois   +          Reflect  .    n - +0 helmet
rElec   .          Rampage  .    D - +0 cloak
rCorr   .                        m - +0 pair of gloves
Will    +....                    h - +0 pair of boots
Stlth   +                        (no amulet)
HPRegen 0.35/turn                H - ring of poison resistance
MPRegen 0.22/turn                y - ring of magical power

@: brilliant, marked, contaminated, glowing
A: deformed body
a: no special abilities


You were on level 4 of the Lair of Beasts.
You visited 2 branches of the dungeon, and saw 16 of its levels.

You collected 2240 gold pieces.
You spent 400 gold pieces at shops.

Inventory:

Hand Weapons
 b - the +8 hammer "Jyid Yki" {flame, Will+}
   (You found it on level 7 of the Dungeon)

   Will:      It increases your willpower.
 o - a +3 dagger of electrocution
 v - a +2 mace of protection
Missiles
 i - a curare-tipped dart
 J - 2 throwing nets
Armour
 h - a +0 pair of boots (worn)
 m - a +0 pair of gloves (worn)
 n - a +0 helmet (worn)
 w - a +1 robe of willpower (worn)
 C - a +1 robe of cold resistance
 D - a +0 cloak (worn)
Magical Staves
 a - a staff of conjuration (weapon)
Jewellery
 e - a +6 ring of strength
 j - a ring of resist corrosion
 y - a ring of magical power (right hand)
 A - a ring of ice
 H - a ring of poison resistance (left hand)
 L - an amulet of magic regeneration
Wands
 c - a wand of flame (25)
 d - a wand of charming (10)
 s - a wand of paralysis (5)
 G - a wand of roots (1)
Scrolls
 g - a scroll of immolation
 p - 3 scrolls of noise
 q - 2 scrolls of enchant weapon
 z - 2 scrolls of brand weapon
 K - 4 scrolls of identify
Potions
 f - 2 potions of berserk rage
 t - 4 potions of flight
 u - 2 potions of lignification
 B - a potion of ambrosia
 E - 2 potions of mutation


   Skills:
 - Level 6.5 Fighting
 - Level 2.0 Armour
 - Level 2.8 Dodging
 - Level 1.0 Stealth
 + Level 6.5 Spellcasting
 * Level 15.2 Conjurations
 + Level 11.1 Summonings
 - Level 5.0 Transmutations
 - Level 3.3 Evocations


You had 5 spell levels left.
You knew the following spells:

 Your Spells              Type           Power      Damage    Failure   Level
a - Call Canine Familiar  Summ           60%        N/A       1%          3
b - Iskenderun's Battles  Conj           92%        2d14      1%          5
c - Irradiate             Conj/Tmut      37%        3d24      5%          5
f - Orb of Destruction    Conj           46%        9d12      21%         7

Your spell library contained the following spells:

 Spells                   Type           Power      Damage    Failure   Level
 Summon Small Mammal      Summ           100%       N/A       1%          1
 Momentum Strike          Conj/Tloc      100%       3d10      1%          2
 Summon Guardian Golem    Hex/Summ       36%        N/A       3%          3
 Passwall                 Tmut/Erth      17%        N/A       7%          2
 Apportation              Tloc           16%        N/A       12%         1
 Necrotise                Necr           32%        1d5       12%         1
 Animate Armour           Summ/Erth      72%        N/A       12%         4
 Fireball                 Conj/Fire      31%        3d13      14%         5
 Blink                    Tloc           16%        N/A       19%         2
 Cigotuvi's Dreadful Rot  Necr/Pois/Air  16%        N/A       19%         2
 Ensorcelled Hibernation  Hex/Ice        16%        N/A       19%         2
 Lesser Beckoning         Tloc           16%        N/A       19%         2
 Sublimation of Blood     Necr           8%         N/A       19%         2
 Ozocubu's Armour         Ice            8%         N/A       36%         3
 Swiftness                Air            8%         N/A       36%         3
 Petrify                  Tmut/Erth      21%        N/A       41%         4
 Blade Hands              Tmut           16%        N/A       41%         5
 Anguish                  Hex/Necr       4%         N/A       77%         4
 Animate Dead             Necr           8%         N/A       77%         4
 Dispel Undead            Necr           8%         3d8       77%         4
 Olgreb's Toxic Radiance  Pois           8%         N/A       77%         4
 Metabolic Englaciation   Hex/Ice        4%         N/A       98%         5
 Spellforged Servitor     Conj/Summ      42%        N/A       43%         7
 Conjure Ball Lightning   Conj/Air       31%        3x3d10    63%         6
 Iron Shot                Conj/Erth      31%        9d6       63%         6
 Death Channel            Necr           4%         N/A       100%        6
 Simulacrum               Ice/Necr       4%         N/A       100%        6
 Dragon Form              Tmut           16%        N/A       100%        7
 Enfeeble                 Hex            4%         N/A       100%        7
 Haunt                    Necr/Summ      18%        N/A       100%        7
 Discord                  Hex            4%         N/A       100%        8
 Ignition                 Fire           4%         3d4       100%        8
 Infestation              Necr           4%         N/A       100%        8


Dungeon Overview and Level Annotations

Branches:
Dungeon (11/15) Zot: 23908  Temple (0/1) D:7            Lair (5/5) D:11 Zot: 25366
  Snake (0/4) Lair:2          Orc (0/2) D:10
  Swamp: Lair:2-3    Shoals: Lair:2-3     Slime: Lair:4-5

Altars:
Ashenzari
Cheibriados
Dithmenos
Elyvilon
Fedhas
Hepliaklqana
Kikubaaqudgha
Okawaru
Qazlal
Ru
Sif Muna
Trog
Vehumet
Xom
Zin

Shops:
D:2 :   D:5 !

Annotations:
D:4 1 runed translucent door, baller8008's ghost, amateur DECj
D:9 exclusion: 7 doors
Lair:2 2 exclusions


Innate Abilities, Weirdness & Mutations

Armour fits poorly on your strangely shaped body.


Message History

Press: ? - help, Dir - move target A komodo dragon comes into view.
Found 12 gold pieces.
As you read the scroll of blinking, it crumbles to dust.
The komodo dragon hisses angrily.
There is a stone staircase leading up here.
The komodo dragon bites you!!
* * * LOW HITPOINT WARNING * * *
You climb upwards.
You feel an oppressive heat about you.
There is an entrance to a volcano on this level.
Hurry and find it before the entrance collapses!
The wolf howls! x2
A sourceless malevolence fills the Lair of Beasts...
With a horrendous wail, an alarm goes off!
A sentinel's mark forms upon you.
The wolf howls! x2; You hear a howl! x2; You hear a bellow! x2
You hear an angry hiss.
You hear a trumpeting!
You hear a croak.
You hear a trumpeting! x7; You hear a bellow!
You hear a loud, deep croak!
You hear a bellow!
You hear a croak.
You hear an angry hiss. x4
You hear a bleat!
You hear an angry hiss. x3; You hear a loud, deep croak!
There is a stone staircase leading down here.
Okay, then.
Okay, then.
Casting: Irradiate (dangerous; 5% risk of failure)
Confirm with . or Enter, or press ? or * to list all spells.
The spell is quite dangerous to miscast (21% risk of failure)!
Continue anyway?
Aiming: Orb of Destruction (quite dangerous; 21% risk of failure)
Press: ? - help, Shift-Dir - straight line, f - komodo dragon
Aim: a komodo dragon
Okay, then.
Casting: Irradiate (dangerous; 5% risk of failure)
Press: ? - help, Q - select action, (/) - cycle Dir - look around, f - activate You feel a strong surge of power!
You erupt in a fountain of uncontrolled magic!
The komodo dragon is blasted with magical radiation!!!
The komodo dragon is almost dead.
The komodo dragon twists and deforms.
A water moccasin comes into view.
The komodo dragon bites you!
You die...

######### ...
..#.#~~~###.. .
#....~~~~~.~#..
....~~≈≈~~~~.P.
..h.≈≈≈≈≈≈≈~...
..h~≈≈≈≈≈≈≈~.P#
...≈≈≈~.~≈≈~.#
..h~≈≈~@l≈≈~.#
..~h~~~~~≈≈~..#
..~~≈≈≈~≈≈~~~..
...~~~~≈≈≈~~...
....~~~~~~~....
.......~.......
.....###..###..
.##.# ### .S


You could see a komodo dragon (misshapen), a water moccasin and 4 wolves.

Vanquished Creatures
  Fannar (D:11)
  A catoblepas (Lair:5)
  3 death yaks (Lair:5)
  Urug (Lair:2)
  2 skysharks (Lair:2)
  A lindwurm (Lair:5)
  3 bog bodies (Lair:2)
  A cyclops (D:11)
  A black mamba (Lair:1)
  Joseph (D:9)
  A gargoyle (D:11)
  6 cane toads
  3 komodo dragons
  Maggie (D:6)
  A rime drake (Lair:3)
  A polar bear (Lair:2)
  2 trolls
  Grinder (D:6)
  6 blink frogs
  A water elemental (D:11)
  Sigmund (D:2)
  5 wyverns
  2 basilisks
  15 yaks
  A steam dragon (D:6)
  A naga (Lair:2)
  A swamp worm (Lair:2)
  An acid dragon (D:11)
  5 water moccasins
  An ice beast (D:8)
  4 orc warriors (D:10)
  A sky beast (D:7)
  4 black bears
  3 wolves (Lair:2)
  2 centaurs
  2 phantoms
  A kobold brigand (D:10)
  5 bullfrogs
  5 wights (D:6)
  2 killer bees (D:9)
  6 howler monkeys
  5 electric eels (D:11)
  A nameless horror (D:3)
  2 jellies
  3 orc priests
  A gnoll bouda (D:10)
  A hound (D:5)
  A sleepcap (D:3)
  9 orc wizards
  4 hell rats (Lair:3)
  7 gnolls
  5 adders
  A shadow imp (D:6)
  An ufetubus (D:5)
  A worm (D:2)
  4 dart slugs
  20 orcs
  6 endoplasms
  11 giant cockroaches
  10 goblins
  6 hobgoblins
  9 jackals
  9 kobolds
  4 quokkas
  10 ball pythons
  6 bats
  2 frilled lizards (D:1)
  6 rats
251 creatures vanquished.

Vanquished Creatures (collateral kills)
  A two-headed ogre (D:10)
  Psyche (D:10)
  An unseen horror (D:11)
  A blink frog (Lair:1)
  9 yaks
  Eustachio (D:6)
  A steam dragon (D:9)
  Edmund (D:6)
  Menkaure (D:7)
  2 water moccasins
  An orc warrior (D:10)
  A sky beast (D:7)
  3 ice beasts
  A black bear (D:11)
  2 ogres
  2 centaurs (D:9)
  3 bullfrogs
  A kobold brigand (D:11)
  6 wights (D:6)
  2 killer bees (D:9)
  3 howler monkeys (D:8)
  A hound (D:7)
  2 jellies
  2 gnoll boudas (D:8)
  2 orc priests
  Crazy Yiuf (D:7)
  An iguana (D:4)
  4 orc wizards
  Natasha (twice) (D:2)
  Robin (D:2)
  2 adders (D:4)
  9 gnolls
  A worm (D:2)
  14 orcs
  3 endoplasms
  A giant cockroach (D:2)
  4 goblins (D:2)
  3 hobgoblins (D:2)
  7 kobolds
  A rat (D:2)
  A butterfly (Lair:3)
106 creatures vanquished.

Vanquished Creatures (others)
  2 yaks (Lair:5)
  Natasha (D:2)
  8 fungi
  23 plants
  3 withered plants (D:6)
37 creatures vanquished.

Grand Total: 394 creatures vanquished

Notes
Turn   | Place    | Note
-------+----------+-------------------------------------------
     0 | D:1      | Zeldest the Human Artificer began the quest for the Orb.
     0 | D:1      | Reached XP level 1. HP: 15/15 MP: 1/1
   113 | D:1      | Reached XP level 2. HP: 9/21 MP: 1/3
   250 | D:1      | Reached skill level 1 in Spellcasting
   704 | D:1      | Reached XP level 3. HP: 7/26 MP: 4/4
   763 | D:1      | Reached skill level 1 in Summonings
  1274 | D:2      | Noticed Sigmund
  1275 | D:2      | Noticed Natasha
  1289 | D:2      | Your ally Natasha died
  1291 | D:2      | Killed Sigmund
  1292 | D:2      | Reached XP level 4. HP: 6/32 MP: 5/7
  1292 | D:2      | Reached XP level 5. HP: 7/37 MP: 5/8
  1292 | D:2      | Reached XP level 6. HP: 8/43 MP: 5/9
  1640 | D:2      | Learned a level 3 spell: Call Canine Familiar
  1833 | D:2      | Noticed Natasha
  1914 | D:2      | Killed Natasha
  2343 | D:2      | Noticed Natasha
  2364 | D:2      | Killed Natasha
  2470 | D:2      | Noticed Robin
  2510 | D:2      | Killed Robin
  2600 | D:2      | Found Dumm's Book Shop.
  2838 | D:3      | Reached skill level 1 in Conjurations
  2922 | D:3      | Reached XP level 7. HP: 45/48 MP: 11/11
  3102 | D:3      | Found a radiant altar of Vehumet.
  3105 | D:3      | Found an iron altar of Okawaru.
  3371 | D:4      | Found a white marble altar of Elyvilon.
  3476 | D:4      | Reached skill level 5 in Summonings
  3803 | D:4      | Found a runed translucent door.
  3807 | D:4      | Noticed baller8008's ghost (amateur DECj)
  3823 | D:4      | Reached skill level 2 in Conjurations
  4029 | D:4      | Found a stormy altar of Qazlal.
  4282 | D:5      | Entered Level 5 of the Dungeon
  4334 | D:5      | Found Matuemor's Distillery.
  4661 | D:5      | Found a glowing silver altar of Zin.
  4804 | D:6      | Reached skill level 3 in Conjurations
  4804 | D:6      | Reached XP level 8. HP: 50/54 MP: 10/13
  4901 | D:6      | Noticed Grinder
  4913 | D:6      | Killed Grinder
  4914 | D:6      | Reached skill level 4 in Conjurations
  5031 | D:6      | Noticed Edmund
  5260 | D:6      | Noticed Maggie
  5271 | D:6      | Killed Maggie
  5272 | D:6      | Reached skill level 5 in Conjurations
  5272 | D:6      | Reached XP level 9. HP: 59/59 MP: 15/15
  5348 | D:6      | Found a blossoming altar of Fedhas.
  5348 | D:6      | Found an ancient bone altar of Kikubaaqudgha.
  5482 | D:6      | Reached skill level 6 in Conjurations
  5574 | D:6      | Found a shimmering blue altar of Sif Muna.
  5710 | D:6      | Noticed Eustachio
  5756 | D:6      | Killed Eustachio
  6027 | D:6      | Reached skill level 7 in Conjurations
  6821 | D:6      | Killed Edmund
  6822 | D:6      | Reached XP level 10. HP: 49/70 MP: 16/16
  6971 | D:7      | Found a runed translucent door.
  6972 | D:7      | Noticed Crazy Yiuf
  6991 | D:7      | Killed Crazy Yiuf
  6992 | D:7      | Reached skill level 8 in Conjurations
  7052 | D:7      | Identified the +8 hammer "Jyid Yki" {flame, Will+}
  7097 | D:7      | Noticed Menkaure
  7105 | D:7      | Killed Menkaure
  7643 | D:7      | Found a snail-covered altar of Cheibriados.
  7680 | D:7      | Found a sacrificial altar of Ru.
  7692 | D:7      | Reached skill level 9 in Conjurations
  7726 | D:7      | You fall into a shaft and drop 2 floors!
  7925 | D:7      | Found a staircase to the Ecumenical Temple.
  8021 | D:7      | Found a shadowy altar of Dithmenos.
  8171 | D:7      | Found a shimmering altar of Xom.
  8235 | D:7      | Found a hazy altar of Hepliaklqana.
  8464 | D:8      | Found a broken altar of Ashenzari.
  8655 | D:8      | Found a bloodstained altar of Trog.
  8720 | D:8      | Reached skill level 5 in Fighting
  8777 | D:8      | Reached skill level 10 in Conjurations
  9161 | D:8      | Reached skill level 1 in Transmutations
  9161 | D:8      | Reached XP level 11. HP: 81/81 MP: 17/17
  9180 | D:8      | Learned a level 5 spell: Irradiate
  9287 | D:2      | Bought a book of Dangerous Friends for 400 gold pieces
 10199 | D:9      | Noticed a deep elf pyromancer
 10381 | D:8      | Identified a scroll of acquirement
 10792 | D:9      | Noticed Joseph
 11049 | D:9      | Killed Joseph
 11342 | D:9      | Noticed a boulder beetle
 11418 | D:10     | Entered Level 10 of the Dungeon
 11418 | D:10     | Noticed a two-headed ogre
 11426 | D:10     | Killed a two-headed ogre
 11427 | D:10     | Reached skill level 11 in Conjurations
 12432 | D:10     | Noticed Psyche
 12443 | D:10     | Killed Psyche
 12959 | D:10     | Found a staircase to the Orcish Mines.
 13447 | D:11     | Noticed Fannar
 14259 | D:11     | Noticed an elephant
 14599 | D:11     | Found a staircase to the Lair.
 14622 | D:11     | Learned a level 5 spell: Iskenderun's Battlesphere
 14622 | D:11     | Acquired 1322 gold pieces
 14624 | D:11     | Acquired a staff of conjuration
 15395 | D:11     | Killed Fannar
 15396 | D:11     | Reached skill level 12 in Conjurations
 15396 | D:11     | Reached XP level 12. HP: 72/89 MP: 11/18
 16073 | Lair:1   | Entered Level 1 of the Lair of Beasts
 16082 | Lair:1   | Reached skill level 5 in Transmutations
 16085 | Lair:1   | Reached skill level 5 in Spellcasting
 16601 | Lair:1   | Reached skill level 13 in Conjurations
 17565 | Lair:2   | Found a staircase to the Snake Pit.
 17756 | Lair:2   | Reached skill level 10 in Summonings
 17943 | Lair:2   | Noticed a skyshark
 17949 | Lair:2   | Killed a skyshark
 18224 | Lair:2   | Noticed Urug
 18407 | Lair:2   | Reached skill level 14 in Conjurations
 18722 | Lair:2   | Reached XP level 13. HP: 79/94 MP: 14/20
 18964 | Lair:2   | Killed Urug
 19410 | Lair:2   | Learned a level 7 spell: Orb of Destruction
 20447 | Lair:3   | You fall into a shaft and drop 2 floors!
 20447 | Lair:5   | Entered Level 5 of the Lair of Beasts
 20448 | Lair:5   | Noticed a catoblepas
 20466 | Lair:5   | Killed a catoblepas
 20470 | Lair:5   | Reached skill level 15 in Conjurations
 20683 | Lair:5   | Gained mutation: Armour fits poorly on your strangely
                  | shaped body. [mutagenic glow]
 20697 | Lair:4   | Slain by a komodo dragon

Illustrated notes

Levels and vault maps discovered:
D:1:      amcnicky_arrival_blooded_trapdoor, layout_loops_ring,
          minmay_misc_feat_roman, hangedman_glass_teeth
D:2:      minmay_roachtagon, layout_basic, serial_shops, shop, uniq_robin,
          uniq_natasha, uniq_sigmund
D:3:      layout_rooms, nicolae_overflow_squiral
D:4:      layout_loops_ring, kennysheep_little_box, elyvilon_altar_1,
          ebering_ghost_reflecting_pool, solitary_fountain
D:5:      layout_rooms, zin_scriptorium, serial_shops, shop
D:6:      layout_basic, grunt_temple_overflow_growth_and_decay,
          marbit_many_paths, uniq_edmund, uniq_maggie, uniq_eustachio,
          uniq_grinder
D:7:      layout_basic, lemuel_crystal_altar, mainiacjoe_overflow_24_doors,
          nicolae_dithmenos_through_a_glass_darkly,
          worldfamousw_hep_ancestral_shrine, kennysheep_mini,
          minmay_temple_entry_overgrown, uniq_crazy_yiuf_cottage, uniq_menkaure
D:8:      layout_gridville, mainiacjoe_overflow_catwalk,
          mainiacjoe_overflow_paths, hangedman_decor_push
D:9:      layout_rooms, dilly_guarded_unrand_elemental_staff, uniq_joseph
D:10:     layout_basic, david_orc_4, nicolae_elevator_lobby_plus, uniq_psyche
D:11:     layout_basic, david_lair_generic, uniq_fannar
Lair:1:   layout_roguey
Lair:2:   layout_concentric_octagons, nicolae_swamp_entry_splash_gauntlet,
          guppyfry_snake_entry_island, uniq_urug
Lair:3:   layout_chaotic_city, beast_lair_carwin_2, infiniplex_staircase_pool,
          lemuel_fruit_fields, uniq_snorg
Lair:4:   nzn_winding_woodlands_small [nzn_winding_woodlands_5x15_cabin,
          nzn_winding_woodlands_center_garden,
          nzn_winding_woodlands_5x15_sawtooth], layout_cave_pods, slime_entry_2,
          nicolae_volcano_entry_vermiform, infiniplex_staircase_pool_2
Lair:5:   wormcave, layout_cave_pods, hangedman_lair_in_review

Skill      XL: |  1  2  3  4  5  6  7  8  9 10 11 12 13 |
---------------+----------------------------------------+-----
Spellcasting   | 1 2 3 4 5 6 |  6.5
Summonings     | 3 4 5 7 8 9 10 11 | 11.1
Conjurations   | 1 3 5 7 10 12 14 15 | 15.2
Fighting       | 3 5 6 |  6.5
Transmutations | 1 4 5 |  5.0
Dodging        | 2 |  2.8
Armour         | |  2.0
Stealth        | |  1.0
Evocations     | |  3.3

Action                     |  1- 3 |  4- 6 |  7- 9 | 10-12 | 13-15 || total
---------------------------+-------+-------+-------+-------+-------++-------
  Melee: Unarmed           |    56 |       |       |       |       ||    56
         Dagger            |   122 |   178 |   279 |     6 |       ||   585
         Punch             |     2 |     3 |     7 |     4 |       ||    16
         Mace              |       |       |       |   176 |    11 ||   187
         Staff             |       |       |       |    17 |     1 ||    18
   Cast: Call Canine Famil |       |    12 |    64 |   168 |     6 ||   250
         Irradiate         |       |       |       |    49 |    32 ||    81
         Iskenderun's Batt |       |       |       |    16 |    11 ||    27
         Orb of Destructio |       |       |       |       |     3 ||     3
  Evoke: Wand              |     5 |       |     8 |    20 |     7 ||    40
    Use: Potion            |     2 |       |     1 |     5 |     4 ||    12
         Scroll            |       |       |       |    25 |     4 ||    29
   Stab: Sleeping          |     1 |     4 |     4 |     2 |       ||    11
         Distracted        |     1 |       |     1 |     1 |       ||     3
         Paralysed         |       |       |    20 |     5 |       ||    25
 Armour: Leather armour    |    54 |       |       |       |       ||    54
         Skin              |     3 |       |       |       |       ||     3
         Robe              |       |    51 |    84 |   127 |    13 ||   275
  Dodge: Dodged            |   134 |   110 |   151 |   216 |    20 ||   631

Table legend: (Time is in decaauts)
 A = Elapsed time spent in this place.
 B = Non-inter-level travel time spent in this place.
 C = Inter-level travel time spent in this place.
 D = Time resting spent in this place.
 E = Time spent auto-exploring this place.
 F = Levels seen in this place.
 G = Mean time per level.
                   A        B        C        D        E       F      G
               +--------+--------+--------+--------+--------+-----+--------+
         Total |  20861 |  19874 |    987 |   7975 |   7271 |  16 | 1303.8 |
       Dungeon |  16228 |  15295 |    933 |   5815 |   5658 |  11 | 1475.3 |
          Lair |   4632 |   4578 |     54 |   2160 |   1612 |   5 |  926.4 |
               +--------+--------+--------+--------+--------+-----+--------+

Top non-repeatable levels by time:
    D:11: 2611 daAuts
     D:6: 2187 daAuts
  Lair:2: 2165 daAuts
    D:10: 1877 daAuts
     D:8: 1582 daAuts
     D:9: 1560 daAuts
  Lair:1: 1525 daAuts
     D:2: 1446 daAuts
     D:7: 1344 daAuts
     D:1: 1300 daAuts
     D:4: 987 daAuts
  Lair:3: 692 daAuts
     D:3: 666 daAuts
     D:5: 661 daAuts
  Lair:5: 248 daAuts
